 Dungeon Crawl Stone Soup version 0.32-a0-841-g4648e6c457 (webtiles) character file.

Game seed: 7803057465248585332

766 Fodor the Covered (level 7, 0/61 HPs)
             Began as a Minotaur Fighter on Mar 26, 2024.
             Succumbed to a gnoll sergeant's poison
             ... on level 5 of the Dungeon.
             The game lasted 00:07:56 (3612 turns).

Fodor the Covered (Minotaur Fighter)                Turns: 3612, Time: 00:07:57

Health: 0/61       AC: 10    Str: 22    XL:     7   Next: 52%
Magic:  6/6        EV:  7    Int:  5    God:
Gold:   277        SH:  4    Dex: 10    Spells: 6/6 levels left

rFire   . . .        f - +10 falchion of a Thousand Princes {freeze, rN+ Stlth+}
rCold   . . .        c - +0 buckler
rNeg    + . .        p - +0 chain mail
rPois   .            (helmet restricted)
rElec   .            (no cloak)
rCorr   .            (no gloves)
SInv    .            (no boots)
Will    .....        o - amulet of the acrobat Stlth
                     (no ring)
HPRegen 0.30/turn    (no ring)
MPRegen 0.10/turn

%: acrobat
@: lethally poisoned (0 -> -1)
A: horns 2, retaliatory headbutt
a: no special abilities


You were on level 5 of the Dungeon.
You visited 1 branch of the dungeon, and saw 5 of its levels.

You collected 277 gold pieces.

Inventory:

Hand Weapons
 a - a +0 war axe
 f - the +10 falchion of a Thousand Princes (weapon) {freeze, rN+ Stlth+}
   (You found it on level 2 of the Dungeon)

   rN+:       It protects you from negative energy.
   Stlth+:    It makes you more stealthy.
Armour
 c - a +0 buckler (worn)
 p - a +0 chain mail (worn)
Jewellery
 o - an amulet of the acrobat (around neck)
Wands
 i - a wand of flame (11)
Scrolls
 b - a scroll of amnesia {unknown}
 h - a scroll of blinking {unknown}
 j - a scroll of poison {unknown}
 k - a scroll of identify {unknown}
 l - a scroll of fear {unknown}
 m - a scroll of enchant weapon {unknown}
Potions
 d - a potion of might
 e - 3 potions of haste {unknown}
 g - a potion of brilliance {unknown}
 n - 2 potions of lignification {unknown}


   Skills:
 + Level 5.2 Fighting
 + Level 4.9 Long Blades
 + Level 4.5 Axes
 + Level 5.9 Armour
 + Level 2.3 Dodging
 + Level 0.5 Stealth
 + Level 5.1 Shields


You had 6 spell levels left.
You didn't know any spells.
Your spell library contained the following spells:

 Spells                   Type           Power      Damage    Failure   Level
 Stone Arrow              Conj/Erth      0%         3d7       100%        3
 Animate Armour           Summ/Erth      0%         N/A       100%        4
 Lehudib's Crystal Spear  Conj/Erth      0%         10d2      100%        8


Dungeon Overview and Level Annotations

Branches:
Dungeon (5/15)
 Temple: D:4-7

Altars:
Qazlal
Trog

Shops:
D:5 :


Innate Abilities, Weirdness & Mutations

You have a pair of horns on your head.
You reflexively headbutt those who attack you in melee.


Message History

You barely miss the gnoll sergeant.
Your headbutt misses the gnoll sergeant.
The gnoll sergeant is severely wounded.
You feel very sick. The gnoll sergeant barely misses you.
You furiously retaliate!
You headbutt the gnoll sergeant.
The gnoll hits you from afar with a +0 halberd.
You barely miss the gnoll sergeant.
The gnoll sergeant is severely wounded.
You feel very sick. You block the gnoll sergeant's attack.
You block the gnoll's attack.
You barely miss the gnoll sergeant.
You headbutt the gnoll sergeant, but do no damage.
The gnoll sergeant is severely wounded.
You feel sick. You block the gnoll sergeant's attack.
The gnoll hits you from afar with a +0 halberd!
* * * LOW HITPOINT WARNING * * *
You hit the gnoll sergeant. You freeze the gnoll sergeant.
You kill the gnoll sergeant!
You feel very sick. The gnoll barely misses you.
The gnoll hits you but does no damage.
You feel sick. The gnoll closely misses you. You furiously retaliate!
You headbutt the gnoll!
Things that are here:
a +5 spear of venom; a +0 ring mail; a gnoll corpse You hit the gnoll but do no damage.
The gnoll is severely wounded.
You feel sick. The gnoll hits you with a +0 halberd.
* * * LOW HITPOINT WARNING * * *
You slash the gnoll! You freeze the gnoll.
You kill the gnoll!
* * * LOW HITPOINT WARNING * * *
You feel sick.
You completely miss the gnoll.
* * * LOW HITPOINT WARNING * * *
You feel sick. The gnoll hits you but does no damage.
You slash the gnoll! You freeze the gnoll.
You headbutt the gnoll, but do no damage.
The gnoll is severely wounded.
You die...

#.#.# #..#
#.#.#############..##
#.#.............#...#
#.#############.#...#
#.# #.########## #.#
#......<.... ########.#
#.##########
......##.###############
......##.#....))@gg.....
.........#.#############
.......###.#
.......###'######
.......#........#
...>...#........#
.......#........#
.......#........#
.......#........#


You could see 2 gnolls.

Vanquished Creatures
  Menkaure (D:5)
  2 ogres
  A gnoll sergeant (D:5)
  A bombardier beetle (D:5)
  A hound (D:5)
  Jessica (D:2)
  Terence (D:2)
  Robin (D:2)
  10 gnolls
  8 adders
  2 ufetubi (D:5)
  3 dart slugs
  5 ribbon worms
  5 orcs
  7 ball pythons
  11 endoplasms
  3 giant cockroaches (D:3)
  13 goblins
  2 hobgoblins
  5 jackals
  A quokka (D:1)
  7 bats
  3 frilled lizards
  9 kobolds
  3 rats (D:1)
106 creatures vanquished.

Notes
Turn   | Place    | Note
-------+----------+-------------------------------------------
     0 | D:1      | Fodor the Minotaur Fighter began the quest for the Orb.
     0 | D:1      | Reached XP level 1. HP: 19/19 MP: 0/0
    62 | D:1      | Reached XP level 2. HP: 27/27 MP: 1/1
   735 | D:2      | Reached XP level 3. HP: 33/33 MP: 2/2
   740 | D:2      | Identified the +10 falchion of a Thousand Princes {freeze,
                  | rN+ Stlth+}
   772 | D:2      | Noticed Terence
   777 | D:2      | Killed Terence
   804 | D:2      | Reached XP level 4. HP: 30/41 MP: 3/3
  1023 | D:2      | Noticed Robin
  1031 | D:2      | Killed Robin
  1254 | D:2      | Noticed Jessica
  1263 | D:2      | Killed Jessica
  1264 | D:2      | Reached XP level 5. HP: 47/47 MP: 4/4
  1658 | D:3      | Noticed an ogre
  1664 | D:3      | Killed an ogre
  1665 | D:3      | Reached skill level 1 in Long Blades
  1665 | D:3      | Reached skill level 1 in Dodging
  1665 | D:3      | Reached XP level 6. HP: 9/53 MP: 5/5
  1849 | D:3      | Reached skill level 5 in Armour
  2119 | D:3      | Found a bloodstained altar of Trog.
  2399 | D:4      | Noticed a fire elemental
  2400 | D:4      | Found a stormy altar of Qazlal.
  2415 | D:4      | Noticed a water elemental
  2415 | D:4      | Noticed an air elemental
  3158 | D:5      | Entered Level 5 of the Dungeon
  3425 | D:5      | Reached XP level 7. HP: 52/60 MP: 6/6
  3493 | D:5      | Found Lixt's Tiny Tomes.
  3496 | D:5      | Reached skill level 5 in Fighting
  3567 | D:5      | Noticed Menkaure
  3571 | D:5      | Killed Menkaure
  3572 | D:5      | Reached skill level 5 in Shields
  3609 | D:5      | HP: 2/61 [gnoll/+0 halberd[a gnoll sergeant] (4)]
  3612 | D:5      | Succumbed to a gnoll sergeant's poison

Illustrated notes

Levels and vault maps discovered:
D:1:      enne_arrival_octagon_isle, layout_basic
D:2:      layout_rooms, hangedman_decor_points, uniq_terence, uniq_jessica,
          uniq_robin
D:3:      layout_basic, bloody_trog
D:4:      layout_gridville, nicolae_qazlal_style_of_elements
D:5:      layout_basic, minmay_temple_entry_nine_rooms,
          nicolae_shop_i_like_small_books_too, uniq_menkaure

Skill      XL: |  1  2  3  4  5  6  7 |
---------------+----------------------+-----
Armour         | 4 5 |  5.9
Fighting       | 4 5 |  5.2
Shields        | 4 5 |  5.1
Axes           | 3 4 |  4.5
Long Blades    | 1 3 4 |  4.9
Dodging        | 1 2 |  2.3
Stealth        | |  0.5

Action                     |  1- 3 |  4- 6 |  7- 9 || total
---------------------------+-------+-------+-------++-------
  Melee: War axe           |    38 |       |       ||    38
         Headbutt          |     2 |    16 |     5 ||    23
         Falchion          |    11 |   103 |    31 ||   145
 Armour: Scale mail        |    32 |    86 |       ||   118
         Chain mail        |       |     1 |    22 ||    23
  Dodge: Dodged            |    31 |    59 |    26 ||   116
  Block: Buckler           |     9 |    39 |    10 ||    58

Table legend: (Time is in decaauts)
 A = Elapsed time spent in this place.
 B = Non-inter-level travel time spent in this place.
 C = Inter-level travel time spent in this place.
 D = Time resting spent in this place.
 E = Time spent auto-exploring this place.
 F = Levels seen in this place.
 G = Mean time per level.
                   A        B        C        D        E       F      G
               +--------+--------+--------+--------+--------+-----+--------+
         Total |   3660 |   3639 |     21 |      0 |   2589 |   5 |  732.0 |
       Dungeon |   3660 |   3639 |     21 |      0 |   2589 |   5 |  732.0 |
               +--------+--------+--------+--------+--------+-----+--------+

Top non-repeatable levels by time:
     D:3: 916 daAuts
     D:4: 825 daAuts
     D:1: 743 daAuts
     D:2: 716 daAuts
     D:5: 459 daAuts
